 Dungeon Crawl Stone Soup version 0.14-a0-942-gbd853f2 (webtiles) character file.

493 PolkaDot the Ruinous (level 6, -2/41 HPs)
             Began as a Vampire Conjurer on Nov 19, 2013.
             Killed by nerve-wracking pain
             ... invoked by Grinder
              (3 damage)
             ... on Level 3 of the Dungeon.
             The game lasted 00:16:26 (3810 turns).

PolkaDot the Ruinous (Vampire Conjurer)             Turns: 3810, Time: 00:16:29

HP  -2/41        AC  6     Str  3 (7)  XL: 6   Next: 11%
MP   1/10        EV 12     Int 19      God:
Gold 199         SH  0     Dex 14      Spells:  2 memorised,  4 levels left

Res.Fire  : . . .   See Invis. : +   s - +0,-3 elf short sword (curse)
Res.Cold  : . . .   Warding    : .   a - +0 robe
Life Prot.: . . .   Conserve   : .   (no shield)
Res.Poison: .       Res.Corr.  : .   (no helmet)
Res.Elec. : .       Clarity    : .   l - +2 elf cloak
Sust.Abil.: . .     Spirit.Shd : .   q - +0 pair of dwarf gauntlets (curse)
Res.Mut.  : .       Stasis     : .   (no boots)
Res.Rott. : .       Flight     : .   (no amulet)
Saprovore : . . .                    (no ring)
                                     k - ring of sustenance

@: regenerating quickly, about to teleport, slightly resistant to hostile
enchantments, stealthy
A: bottle blood, fangs 3, see invisible, unbreathing
a: Bottle Blood


You were on level 3 of the Dungeon.
You were very full.

You visited 1 branch of the dungeon, and saw 3 of its levels.

You collected 199 gold pieces.

Inventory:

Hand weapons
 b - a +0,+0 dagger
 s - a cursed +0,-3 elven short sword (weapon)
Missiles
 g - 6 steel javelins (quivered)
Armour
 a - a +0 robe (worn)
 l - a +2 elven cloak (worn)
 q - a cursed +0 pair of dwarven gauntlets (worn)
Scrolls
 e - a scroll of enchant weapon I {unknown}
 f - a scroll of curse weapon {unknown}
 h - a scroll of enchant weapon II {unknown}
 i - a scroll of enchant armour {unknown}
 j - a scroll of teleportation
 m - a scroll of fear {unknown}
 n - a scroll of recharging {unknown}
 o - a scroll of curse jewellery {unknown}
 p - 3 scrolls of identify {unknown}
 r - 3 scrolls of remove curse {unknown}
Jewellery
 k - a ring of sustenance (left hand)
Books
 c - a book of Conjurations

   Spells                             Type                      Level
   *Magic Dart                        Conjuration                  1
   *Searing Ray                       Conjuration                  2
   Dazzling Spray                     Conjuration/Hexes            3
   Iskenderun's Mystic Blast          Conjuration                  4
   Iskenderun's Battlesphere          Conjuration/Charms           4
   Fulminant Prism                    Conjuration/Hexes            5


   Skills:
 - Level 2.1 Dodging
 - Level 3.0 Stealth
 - Level 1.0 Spellcasting
 * Level 5.6 Conjurations


You had 4 spell levels left.
You knew the following spells:

 Your Spells              Type           Power        Failure   Level  Hunger
a - Magic Dart            Conj           ###.         1%          1    ##.....
s - Searing Ray           Conj           ###...       3%          2    ###....


Dungeon Overview and Level Annotations

Branches:
Dungeon (3/16)

Altars:
Okawaru

Annotations:
D:3 Grinder


Innate Abilities, Weirdness & Mutations

Your natural rate of healing is unusually fast.
You can bottle blood from corpses.
You have razor-sharp teeth.*
You have supernaturally acute eyesight.
You can survive without breathing.*


Message History

Aim: an adder The magic dart hits the adder.
The adder is moderately wounded.
* * * LOW MAGIC WARNING * * *
The adder misses you. Grinder hits you.
* * * LOW HITPOINT WARNING * * *
The adder closely misses you. The adder bites you but does no damage.
Grinder closely misses you.
You hit the adder but do no damage.
The adder is moderately wounded.
Grinder completely misses you. The adder bites you but does no damage.
Unknown command.
Read which item? (? for menu, Esc to quit)
As you read the scroll labeled LENILI VOSIDEO, it crumbles to dust.
You feel strangely unstable.
It was a scroll of teleportation.
Grinder barely misses you. The adder bites you.
* * * LOW HITPOINT WARNING * * *
Grinder gestures at you. Pain shoots through your body!
You die...

#.###.##.###.##.....#.####.#...#.
##...###............#..........##
##### ##.......#####......##..#.
#####.### #.#######..## #.# #%#
#..#. #.# #[# #..## #.# #.# #.###
####.#####...>.# #.#
#.....5@##.....# .
#.##.##S##.....# # #.##>##.....#
..##.##.....# .####.######## ..
..# .# ###


You could see Grinder and an adder.

Vanquished Creatures
  The ghost of Malachi the Skirmisher, an average DsAK of Lugonu (D:3)
  A giant frog (D:3)
  2 gnolls (D:3)
  2 adders (D:2)
  An inept feature mimic (D:3)
  5 worms (D:3)
  2 giant geckos
  2 oozes (D:3)
  An orc (D:3)
  3 giant cockroaches
  10 hobgoblins
  6 jackals
  9 kobolds
  2 quokkas
  4 bats
  4 giant newts
  4 goblins
  9 rats
68 creatures vanquished.

Notes
Turn   | Place    | Note
--------------------------------------------------------------
     0 | D:1      | PolkaDot, the Vampire Conjurer, began the quest for the Orb.
     0 | D:1      | Reached XP level 1. HP: 13/13 MP: 4/4
   457 | D:1      | Reached XP level 2. HP: 19/19 MP: 1/5
  1077 | D:2      | Reached XP level 3. HP: 16/24 MP: 0/6
  1708 | D:2      | Reached skill level 4 in Conjurations
  2402 | D:3      | Learned a level 2 spell: Searing Ray
  2536 | D:3      | Found an iron altar of Okawaru.
  2553 | D:3      | Reached XP level 4. HP: 18/30 MP: 4/8
  3113 | D:3      | Noticed Malachi's ghost (average DsAK)
  3134 | D:3      | Noticed a giant frog
  3165 | D:3      | Killed Malachi's ghost
  3165 | D:3      | Reached skill level 5 in Conjurations
  3165 | D:3      | Reached XP level 5. HP: 12/35 MP: 2/9
  3317 | D:3      | Killed a giant frog
  3317 | D:3      | Reached XP level 6. HP: 32/41 MP: 5/10
  3793 | D:3      | Noticed Grinder
  3805 | D:3      | Paralysed by Grinder for 2 turns
  3810 | D:3      | HP: 1/41 [adder (4)]
  3810 | D:3      | Killed from afar by Grinder

Action                   |  1- 3 |  4- 6 || total
-------------------------+-------+-------++-------
Melee: Unarmed           |    39 |     7 ||    46
       Dagger            |       |    19 ||    19
       Short sword       |       |     4 ||     4
Throw: Javelin           |    32 |       ||    32
 Cast: Magic Dart        |    74 |    24 ||    98
       Searing Ray       |     2 |    17 ||    19
  Use: Potion            |       |     1 ||     1
       Scroll            |       |     2 ||     2
 Stab: Sleeping          |       |     2 ||     2
